 Dungeon Crawl Stone Soup version 0.17-a0-1954-g0dddeaa (webtiles) character file.

145633 Hedron the Covert (level 16, -12/74 HPs)
             Began as a Spriggan Enchanter on Feb 22, 2015.
             Was the Champion of Dithmenos.
             Killed from afar by Nikola (37 damage)
             ... with a chain lightning
             ... on level 3 of the Spider Nest on Oct 4, 2015.
             The game lasted 03:38:29 (41292 turns).

Hedron the Covert (Spriggan Enchanter)             Turns: 41292, Time: 03:38:30

Health: -12/74     AC: 17    Str:  6    XL:     16   Next: 87%
Magic:  27/33      EV: 29    Int: 19    God:    Dithmenos [******]
Gold:   2382       SH:  9    Dex: 19    Spells: 12 memorised, 3 levels left

rFire  + . .     SeeInvis +     G - +3 dagger (elec)
rCold  . . .     Clarity  +     B - +2 robe {MR+}
rNeg   + + .     SustAt   .     c - +0 buckler
rPois  +         Gourm    .     x - +2 hat
rElec  .         Spirit   .     y - +1 cloak {rPois}
rCorr  .         Warding  .     (gloves unavailable)
rMut   .         Stasis   .     (boots unavailable)
MR     ++...                    E - amulet of clarity
Stlth  ++++++++++               h - ring of invisibility
                                o - ring "Oxzes" {Wiz rF+ rN++ MR-}

@: icy armour, very slightly contaminated, hasted, wreathed by umbra, studying
Ice Magic, deflect missiles, very quick, very resistant to hostile enchantments,
uncannily stealthy
A: unfitting armour, see invisible, herbivore 3, speed 3, slow metabolism 2,
wild magic 1
a: Shadow Step, Shadow Form, Renounce Religion, Evoke Invisibility


You were on level 3 of the Spider Nest.
You worshipped Dithmenos.
Dithmenos was exalted by your worship.
You were not hungry.

You visited 5 branches of the dungeon, and saw 31 of its levels.
You also visited: Labyrinth, Sewer and Ice Cave.

You collected 3258 gold pieces.
You spent 876 gold pieces at shops.

Inventory:

Hand weapons
 G - a +3 dagger of electrocution (weapon)
Missiles
 t - 5 throwing nets (quivered)
Armour
 c - a +0 buckler (worn)
 x - a +2 hat (worn)
 y - a +1 cloak of poison resistance (worn)
 B - a +2 robe of magic resistance (worn)
Jewellery
 g - an uncursed amulet of warding
 h - a ring of invisibility (right hand)
 o - the ring "Oxzes" (left hand) {Wiz rF+ rN++ MR-}
   (You found it on level 4 of the Dungeon)

   [ring of wizardry]

   It improves your spell success rate.
   It protects you from fire.
   It greatly protects you from negative energy.
   It affects your resistance to hostile enchantments.
 E - an amulet of clarity (around neck)
Magical devices
 a - a wand of digging (13)
 b - a wand of invisibility (5)
 z - a wand of digging (14)
 C - a wand of disintegration (13)
 F - a wand of lightning (6)
 H - a wand of lightning (7)
 K - a wand of teleportation (4)
 L - a wand of cold (7)
 O - a wand of hasting (5)
 X - a wand of disintegration (5)
 Y - a wand of cold (9)
Scrolls
 e - 8 scrolls of teleportation
 f - 20 scrolls of remove curse
 i - 4 scrolls of fear
 u - 3 scrolls of recharging
 v - 3 scrolls of amnesia
 I - 4 scrolls of enchant armour
 N - 2 scrolls of summoning
 Q - a scroll of fog
 U - 5 scrolls of identify
 V - 2 scrolls of torment
Potions
 j - a potion of invisibility
 k - 9 potions of curing
 l - 4 potions of might
 m - 2 potions of cancellation
 n - 3 potions of restore abilities
 p - a potion of ambrosia
 q - a potion of heal wounds
 r - 5 potions of haste
 w - 2 potions of cure mutation
 A - 3 potions of flight
 J - 4 potions of agility
Books
 s - a book of Death

   Spells                             Type                      Level
   a - Corpse Rot                     Necromancy                   2
   b - Sublimation of Blood           Necromancy                   2
   c - Agony                          Necromancy                   5
   d - Dispel Undead                  Necromancy                   5
   e - Excruciating Wounds            Charms/Necromancy            5
   f - Bolt of Draining               Conjuration/Necromancy       5
 R - the Grimoire of Good Luck and Lightness
   (You found it on level 4 of the Lair of Beasts)

   Spells                             Type                      Level
   a - Repel Missiles                 Charms/Air                   2
   b - Ozocubu's Armour               Charms/Ice                   3
   c - Regeneration                   Charms/Necromancy            3
   d - Spectral Weapon                Hexes/Charms                 3
   e - Deflect Missiles               Charms/Air                   6
 T - a manual of Ice Magic
 W - the Papyrus of Cloudy Arcane Weapons
   (You found it on level 2 of the Spider Nest)

   Spells                             Type                      Level
   a - Flame Tongue                   Conjuration/Fire             1
   b - Static Discharge               Conjuration/Air              3
   c - Lightning Bolt                 Conjuration/Air              5
   d - Silence                        Hexes/Air                    5
   e - Bolt of Fire                   Conjuration/Fire             6
Miscellaneous
 P - a crystal ball of energy
 S - a phantom mirror
Comestibles
 d - 23 bread rations
 D - 40 fruits


   Skills:
 - Level 3.9 Fighting
 - Level 10.0 Short Blades
 - Level 11.7 Dodging
 - Level 14.7 Stealth
 - Level 10.0 Shields
 - Level 12.8 Spellcasting
 + Level 6.3 Conjurations
 - Level 12.5 Hexes
 - Level 11.1 Charms
 + Level 5.0 Necromancy
 - Level 3.9 Translocations
 - Level 2.9 Ice Magic
 + Level 8.4 Air Magic
 - Level 5.1 Invocations
 - Level 10.3 Evocations


You had 3 spell levels left.
You knew the following spells:

 Your Spells              Type           Power        Failure   Level  Hunger
a - Enslavement           Hex            ######..     1%          4    #......
b - Ensorcelled Hibernat  Hex/Ice        ######       1%          2    None
c - Ozocubu's Armour      Chrm/Ice       ######..     1%          3    None
d - Confuse               Hex            ######..     1%          3    None
e - Dazzling Spray        Conj/Hex       ######..     1%          3    None
f - Magic Dart            Conj           ####         1%          1    None
g - Repel Missiles        Chrm/Air       ######       1%          2    None
h - Blink                 Tloc           N/A          1%          2    None
i - Mephitic Cloud        Conj/Pois/Air  #####...     2%          3    None
j - Regeneration          Chrm/Necr      ######....   1%          3    None
k - Deflect Missiles      Chrm/Air       ######....   14%         6    ######.
l - Bolt of Draining      Conj/Necr      ######....   12%         5    ####...


Dungeon Overview and Level Annotations

Branches:
Dungeon (15/15)            Temple (1/1) D:4            Lair (8/8) D:11
 Shoals (0/5) Lair:5       Spider (3/5) Lair:3        Slime (0/6) Lair:6
    Orc (4/4) D:11            Elf (0/3) Orc:4        Vaults (0/5) D:13
 Depths (0/5) D:15

Altars:
Ashenzari
Cheibriados
Dithmenos
Elyvilon
Fedhas
Gozag
Kikubaaqudgha
Makhleb
Nemelex Xobeh
Okawaru
Qazlal
Ru
Sif Muna
Trog
Vehumet
Xom
Yredelemnul
Zin
The Shining One

Shops:
D:9 *%   D:10 !   D:11 =   D:12 [   Orc:4 [:%[

Annotations:
Spider:3 Nikola


Innate Abilities, Weirdness & Mutations

You are tiny and cannot use many weapons and most armour.
You have supernaturally acute eyesight.
You are a herbivore.
You cover ground extremely quickly.
You need consume almost no food.
Your spells are a little harder to cast, but a little more powerful.


Message History

Aiming: Confuse
Press: ? - help, Shift-Dir - straight line, f/p - Nikola
Aim: Nikola, wielding a rapier of electrocution, wearing a cloak and wearing a pair of gloves (moderately wounded, umbra, chance to defeat MR: 7%) Nikola resists with almost no effort.
Your shadow mimicks your spell!
Nikola resists with almost no effort.
Casting: Confuse
Confirm with . or Enter, or press ? or * to list all spells.
Aiming: Confuse
Press: ? - help, Shift-Dir - straight line, f/p - Nikola
Aim: Nikola, wielding a rapier of electrocution, wearing a cloak and wearing a pair of gloves (moderately wounded, umbra, chance to defeat MR: 7%) Nikola resists with almost no effort.
Your shadow mimicks your spell!
Nikola resists with almost no effort.
Nikola mumbles some strange words.
You hear a mighty clap of thunder!
The lightning arc hits you!
You emit a cloud of dark smoke.
The lightning arc hits Nikola.
The lightning arc hits you!
Ouch! That really hurt!
You die...

##. ##.. #####/.#^....## #..
#.^... ##. #...#..#....####
#..##..##..##^.###..##..#....#..#
.§§#.^# >....##.....#..........#
.§§§§## ###.#..#..##........#...#
.§§§§§###.#.@....##........##...#
.§§##§....###...##.#..#...##.....
.#§^###..#§.#.#§.§.....#.........
##^.###.@....§#@..........##....
#.^###......§#§...............
##..#......#...###.#..........
##...#.#..#.##########.......
#########.#.##....#....#..#.
########.....^#........
#####.###.............#....
#.......##...........#...#.
#...........###.##...#.....


You could see Nikola.

Vanquished Creatures
  Rupert (Lair:4)
  2 ghost moths
  The ghost of bear the Bludgeoner, a powerful HOFi of Makhleb (Lair:8)
  2 emperor scorpions (Spider:3)
  A stone giant (Orc:4)
  2 vault guards (D:13)
  A minotaur (Lab)
  2 fire dragons (D:15)
  An entropy weaver (Spider:3)
  Fannar (Lair:1)
  An ice dragon (Lair:8)
  3 centaur warriors
  11 hydras
  3 catoblepae (Lair:8)
  Erica (D:11)
  14 death yaks
  4 ogre magi (Orc:4)
  3 tengu warriors
  13 wizards (D:13)
  2 unseen horrors
  An ice statue (IceCv)
  A deep elf summoner (D:13)
  7 hill giants
  3 necromancers
  An orc knight (Orc:3)
  4 lindwurms (Lair:4)
  10 orb spiders
  11 wolf spiders
  A wolf spider zombie (D:13)
  A moth of wrath (Spider:3)
  5 hornets
  5 cyclopes (D:14)
  11 ugly things
  A manticore (D:13)
  16 elephants
  A siren (Lair:5)
  A griffon (D:15)
  6 centaur zombies
  2 torpor snails
  15 spiny frogs
  A yaktaur (D:15)
  4 black mambas
  A kobold demonologist (D:12)
  6 demonic crawlers
  2 gargoyles
  10 freezing wraiths (IceCv)
  3 fire drakes
  14 komodo dragons
  6 trolls
  A tengu conjurer (D:13)
  5 polar bears
  11 jumping spiders
  4 slime creatures (D:15)
  A wolf spider simulacrum (IceCv)
  Prince Ribbit (D:8)
  12 blink frogs
  16 two-headed ogres
  8 redbacks
  18 humans (D:13)
  7 trapdoor spiders
  A shadow (D:12)
  A wyvern (D:12)
  4 deep elf magi
  A spriggan (D:8)
  2 water elementals (D:15)
  A vampire (D:12)
  A death yak simulacrum (IceCv)
  3 basilisks
  11 hippogriffs
  2 wraiths
  9 tarantellas
  51 yaks
  A steam dragon (D:13)
  2 hungry ghosts
  15 wolves
  A mottled dragon (D:12)
  A soldier ant (D:14)
  A vampire mosquito (D:12)
  17 water moccasins
  8 ice beasts
  21 orc warriors
  5 sky beasts
  9 porcupines
  26 spiders
  2 necrophages
  3 phantoms
  10 centaurs
  10 crocodiles
  27 ogres
  3 big kobolds
  A brain worm (D:12)
  21 giant frogs
  4 scorpions
  6 killer bees
  3 wights (D:14)
  6 electric eels
  3 draconian simulacra (IceCv)
  A giant frog zombie (D:6)
  A quasit (D:11)
  3 crimson imps
  5 hounds
  20 orc priests
  9 centaur skeletons
  2 iguanas
  6 jellies
  2 giant frog skeletons
  24 orc wizards
  6 troll simulacra (IceCv)
  11 worker ants
  2 wolf simulacra (IceCv)
  A killer bee zombie (D:7)
  A spriggan simulacrum (IceCv)
  3 centaur simulacra
  20 sheep
  4 hound skeletons
  A worker ant zombie (D:9)
  4 gnolls (D:4)
  10 adders
  5 naga simulacra (IceCv)
  3 ogre simulacra (IceCv)
  38 river rats
  2 removed MONS_GIANT_MITEs
  3 shadow imps
  12 white imps (IceCv)
  A ghost (D:5)
  4 worms
  7 giant geckos
  188 orcs
  3 ball pythons
  A bat skeleton (D:4)
  A bat zombie (D:7)
  6 giant cockroaches
  23 hobgoblins
  17 jackals
  32 kobolds
  6 oozes
  2 quokkas
  A ball python skeleton (D:4)
  14 bats
  A giant gecko zombie (D:6)
  6 giant newts
  A giant spore (D:8)
  14 goblins
  A jackal skeleton (D:4)
  A quokka skeleton (D:5)
  A quokka zombie (D:5)
  12 rats
  2 ballistomycetes (D:8)
1140 creatures vanquished.

Vanquished Creatures (collateral kills)
  A death yak (Lair:6)
  An elephant (Lair:3)
  A troll (D:12)
  2 humans (D:13)
  An orc warrior (Orc:4)
  4 killer bees (D:13)
  3 orc wizards
  12 orcs
  A hobgoblin (D:8)
  A bat (D:8)
  A jackal zombie (D:8)
28 creatures vanquished.

Vanquished Creatures (others)
  3 jumping spiders (Spider:3)
  2 redbacks (Spider:3)
  A spider (Spider:3)
  A killer bee (D:13)
  An orc priest (Orc:3)
  2 orcs (Orc:4)
  35 fungi
  29 plants
74 creatures vanquished.

Grand Total: 1242 creatures vanquished

Notes
Turn   | Place    | Note
--------------------------------------------------------------
     0 | D:1      | Hedron, the Spriggan Enchanter, began the quest for the Orb.
     0 | D:1      | Reached XP level 1. HP: 9/9 MP: 4/4
    84 | D:1      | Reached XP level 2. HP: 5/13 MP: 7/7
   312 | D:1      | Learned a level 2 spell: Ensorcelled Hibernation
   315 | D:1      | Learned a level 2 spell: Sure Blade
   393 | D:1      | Reached skill level 5 in Stealth
   755 | D:1      | Found a glowing golden altar of the Shining One.
   781 | D:1      | Reached XP level 3. HP: 14/16 MP: 11/11
   910 | D:1      | Learned a level 3 spell: Confuse
  1664 | D:2      | Reached XP level 4. HP: 21/21 MP: 14/14
  1825 | D:3      | Found a shadowy altar of Dithmenos.
  1845 | D:3      | Became a worshipper of Dithmenos the Shadowed
  2846 | D:3      | Learned a level 3 spell: Dazzling Spray
  2898 | D:4      | Reached skill level 6 in Stealth
  2898 | D:4      | Reached XP level 5. HP: 24/24 MP: 3/18
  3290 | D:4      | Got a scintillating ivory ring
  3291 | D:4      | Identified the ring "Oxzes" {Wiz rF+ rN++ MR-} (You found it on level 4 of the Dungeon)
  3399 | D:4      | Found an iron altar of Okawaru.
  3400 | D:4      | Found a white marble altar of Elyvilon.
  3400 | D:4      | Found a shadowy altar of Dithmenos.
  3401 | D:4      | Found an ancient bone altar of Kikubaaqudgha.
  3402 | D:4      | Found a snail-covered altar of Cheibriados.
  3403 | D:4      | Found a sparkling altar of Nemelex Xobeh.
  3580 | D:4      | Reached skill level 5 in Hexes
  3580 | D:4      | Reached XP level 6. HP: 25/28 MP: 6/20
  3675 | D:4      | Found a staircase to the Ecumenical Temple.
  3679 | Temple   | Entered the Ecumenical Temple
  3846 | D:4      | Learned a level 4 spell: Enslavement
  3888 | D:4      | Noticed an ogre
  3907 | D:4      | Killed an ogre
  3907 | D:4      | Reached skill level 1 in Charms
  4660 | D:5      | Entered Level 5 of the Dungeon
  4783 | D:5      | Reached skill level 1 in Ice Magic
  4796 | D:5      | Upgraded the game from 0.16-a0-4083-g5af668b to 0.17-a0-427-ga655056
  4802 | D:5      | Acquired Dithmenos's first power
  4960 | D:5      | Upgraded the game from 0.17-a0-427-ga655056 to 0.17-a0-627-g5cb7d3e
  4963 | D:5      | Found a glowing drain.
  5071 | Sewer    | Entered a sewer
  5197 | Sewer    | Reached skill level 7 in Stealth
  5197 | Sewer    | Reached XP level 7. HP: 32/32 MP: 1/15
  5376 | Sewer    | Found a glowing silver altar of Zin.
  5502 | D:5      | Found a glowing silver altar of Zin.
  5594 | D:5      | Learned a level 3 spell: Tukima's Dance
  5611 | D:5      | Reached skill level 5 in Spellcasting
  5611 | D:5      | Reached skill level 1 in Conjurations
  5614 | D:5      | Learned a level 1 spell: Magic Dart
  5697 | D:5      | Found a shimmering altar of Xom.
  5702 | D:5      | Found a burning altar of Makhleb.
  5714 | D:5      | Found a shattered altar of Ashenzari.
  6837 | D:5      | Reached XP level 8. HP: 23/36 MP: 14/17
  6963 | D:5      | Acquired Dithmenos's second power
  6968 | D:5      | Reached skill level 8 in Stealth
  7213 | D:6      | Found an opulent altar of Gozag.
  7417 | D:6      | Reached skill level 5 in Short Blades
  7436 | D:6      | Learned a level 2 spell: Repel Missiles
  7715 | D:6      | Found a bloodstained altar of Trog.
  7983 | D:7      | Reached skill level 9 in Stealth
  8457 | D:7      | Reached XP level 9. HP: 39/39 MP: 3/19
  8575 | D:7      | Learned a level 2 spell: Blink
  8940 | D:7      | Reached skill level 1 in Translocations
  8973 | D:7      | Acquired Dithmenos's third power
  9493 | D:7      | Found a burning altar of Makhleb.
  9607 | D:8      | Noticed Prince Ribbit
  9615 | D:8      | Killed Prince Ribbit
  9756 | D:8      | Reached skill level 10 in Stealth
 10015 | D:8      | Reached skill level 5 in Charms
 10396 | D:8      | Found a stormy altar of Qazlal.
 10485 | D:8      | Learned a level 3 spell: Mephitic Cloud
 10617 | D:9      | Reached skill level 1 in Evocations
 10647 | D:9      | Reached XP level 10. HP: 44/44 MP: 22/22
 10789 | D:9      | Found Geraemeh's Food Shoppe.
 10854 | D:9      | Reached skill level 1 in Air Magic
 10872 | D:9      | Found Sahibiro's Assorted Antiques.
 11165 | D:10     | Entered Level 10 of the Dungeon
 11188 | D:10     | Noticed a hill giant
 11193 | D:10     | Noticed a hill giant
 11491 | D:10     | Killed a hill giant
 11491 | D:10     | Reached skill level 5 in Dodging
 11598 | D:10     | Killed a hill giant
 11598 | D:10     | Acquired Dithmenos's fourth power
 11598 | D:10     | Reached skill level 11 in Stealth
 11698 | D:10     | Upgraded the game from 0.17-a0-627-g5cb7d3e to 0.17-a0-649-g87edefa
 11698 | D:10     | Upgraded the game from 0.17-a0-649-g87edefa to 0.17-a0-1910-g4c791fa
 11779 | D:10     | Found Unill's Distillery.
 11803 | D:10     | Bought a potion of heal wounds for 60 gold pieces
 11803 | D:10     | Bought a potion of haste for 120 gold pieces
 12125 | D:11     | Noticed Erica
 12272 | D:11     | Killed Erica
 12272 | D:11     | Reached XP level 11. HP: 47/47 MP: 24/24
 12354 | D:11     | Found a staircase to the Lair.
 12461 | D:11     | Found a staircase to the Orcish Mines.
 12462 | D:11     | Noticed a red ugly thing
 12469 | D:11     | Killed a red ugly thing
 12469 | D:11     | Reached skill level 5 in Evocations
 13022 | D:11     | Found Moho's Jewellery Boutique.
 13175 | D:11     | Bought an uncursed ring of poison resistance for 300 gold pieces
 13202 | Lair:1   | Entered Level 1 of the Lair of Beasts
 13583 | Lair:1   | Reached skill level 12 in Stealth
 13791 | Lair:1   | Noticed a five-headed hydra
 13803 | Lair:1   | Killed a five-headed hydra
 13922 | Lair:1   | Noticed Fannar
 13925 | Lair:1   | Killed Fannar
 14427 | Lair:2   | Reached skill level 10 in Hexes
 15226 | Lair:3   | Found a hole to the Spider Nest.
 15238 | Lair:3   | Upgraded the game from 0.17-a0-1910-g4c791fa to 0.17-a0-1920-gafa4d75
 15490 | Lair:3   | Reached XP level 12. HP: 51/51 MP: 22/26
 15766 | Lair:3   | Noticed a five-headed hydra
 15796 | Lair:3   | Killed a five-headed hydra
 16059 | Lair:4   | Reached skill level 5 in Conjurations
 16088 | Lair:4   | Reached skill level 5 in Air Magic
 16166 | Lair:4   | Noticed Rupert
 16177 | Lair:4   | Killed Rupert
 16177 | Lair:4   | Reached skill level 13 in Stealth
 16402 | Lair:3   | Reached skill level 10 in Spellcasting
 16789 | Lair:4   | Got a fabulously ornate robe
 16801 | Lair:4   | Identified the cursed +1 robe of the Evening Star {Regen+} (You found it on level 4 of the Lair of Beasts)
 17929 | Lair:4   | Reached XP level 13. HP: 55/55 MP: 23/28
 17953 | Lair:4   | Identified the Grimoire of Good Luck and Lightness
 17967 | Lair:4   | Learned a level 3 spell: Ozocubu's Armour
 17967 | Lair:4   | Upgraded the game from 0.17-a0-1920-gafa4d75 to 0.17-a0-1939-ga475588
 17971 | Lair:4   | Learned a level 3 spell: Regeneration
 17978 | Lair:4   | Learned a level 6 spell: Deflect Missiles
 18708 | Lair:5   | Found a staircase to the Shoals.
 19577 | Lair:5   | Reached skill level 1 in Necromancy
 20095 | Lair:6   | Reached skill level 14 in Stealth
 20294 | Lair:6   | Reached skill level 10 in Dodging
 20568 | Lair:6   | Found a staircase to the Slime Pits.
 21767 | Lair:6   | Reached skill level 10 in Short Blades
 22134 | Lair:6   | Reached skill level 1 in Invocations
 22768 | Lair:7   | Reached XP level 14. HP: 59/59 MP: 20/30
 23125 | Lair:8   | Entered Level 8 of the Lair of Beasts
 23146 | Lair:8   | Found a frozen archway.
 23362 | IceCv    | Entered an ice cave
 24316 | IceCv    | Found an ancient bone altar of Kikubaaqudgha.
 24774 | Lair:8   | Noticed bear's ghost (powerful HOFi)
 25175 | Lair:7   | Upgraded the game from 0.17-a0-1939-ga475588 to 0.17-a0-1945-gfe993df
 25378 | Lair:8   | Killed bear's ghost
 25378 | Lair:8   | Reached skill level 10 in Evocations
 26103 | Lair:8   | Reached skill level 1 in Fighting
 26749 | Lair:8   | Reached skill level 10 in Charms
 28321 | Orc:1    | Entered Level 1 of the Orcish Mines
 28483 | Orc:1    | Found a burning altar of Makhleb.
 29745 | Orc:3    | Found a bloodstained altar of Trog.
 30358 | Orc:4    | Entered Level 4 of the Orcish Mines
 30565 | Orc:4    | Reached XP level 15. HP: 58/65 MP: 5/32
 30846 | Orc:4    | Found a staircase to the Elven Halls.
 31775 | Orc:4    | Found Wauke's Food Emporium.
 31775 | Orc:4    | Found Vuogaroq's Armour Boutique.
 31775 | Orc:4    | Found Kogocs's Antique Armour Shop.
 31775 | Orc:4    | Found Uvuh's Book Emporium.
 32661 | Orc:4    | Bought a bread ration for 60 gold pieces
 32661 | Orc:4    | Bought 4 fruits for 72 gold pieces
 32661 | Orc:4    | Bought a bread ration for 60 gold pieces
 32661 | Orc:4    | Bought 2 fruits for 36 gold pieces
 32661 | Orc:4    | Bought a bread ration for 60 gold pieces
 32662 | Orc:4    | Bought a buckler for 108 gold pieces
 32950 | D:12     | Reached skill level 1 in Shields
 33237 | D:12     | Found Ryebil's Armour Boutique.
 34199 | D:13     | Reached skill level 5 in Shields
 34614 | D:13     | Found a gate to the Vaults.
 34939 | D:13     | Learned a level 5 spell: Bolt of Draining
 36046 | D:14     | Gained mutation: Your spells are a little harder to cast, but a little more powerful. [potion of beneficial mutation]
 36190 | D:14     | Reached XP level 16. HP: 72/72 MP: 9/33
 36639 | D:15     | Entered Level 15 of the Dungeon
 36774 | D:15     | Found a staircase to the Depths.
 36858 | D:15     | Found a labyrinth entrance.
 36871 | Lab      | Entered a labyrinth
 36872 | Lab      | Identified a scroll of acquirement
 37027 | Lab      | Reached skill level 5 in Invocations
 37035 | Lab      | Identified the Papyrus of the Destructive Snowflakes
 37040 | Lab      | Identified Inarorea's Papyrus of the Rocks
 37525 | D:15     | Reached skill level 5 in Necromancy
 38051 | D:15     | Upgraded the game from 0.17-a0-1945-gfe993df to 0.17-a0-1954-g0dddeaa
 38300 | Spider:1 | Entered Level 1 of the Spider Nest
 39681 | Spider:2 | Identified the Papyrus of Cloudy Arcane Weapons
 41036 | Spider:3 | Noticed Nikola
 41053 | Spider:3 | Reached skill level 10 in Shields
 41292 | Spider:3 | Killed from afar by Nikola

Vault maps used:
D:1:      lightli_arrival_noodles, tso_altar
D:3:      nicolae_dithmenos_shadow_blocks
D:4:      grunt_temple_overflow_open, first_bread
D:5:      minmay_overflow_temple_star_quad, lemuel_round_altar,
          gup_sewer_entry_pipe
D:6:      lightli_temple_of_fire, nicolae_gozag_seed_capital
D:7:      makhleb_blood_cavern_becter
D:8:      lemuel_doored_altar, grunt_pizzeria, serial_park_tiny_pond,
          uniq_prince_ribbit1
D:9:      serial_shops, shop, shop
D:10:     serial_shops, kennysheep_mini, special_room, st_stairs_13,
          serial_bayou_lake_a
D:11:     lair_0_dummy, orc_0_dummy, serial_shops, nicolae_shop_stone,
          grunt_ministairs_5, uniq_erica
D:12:     serial_column_ruins, column_ruins_columns_dead_end,
          column_ruins_grid_1, column_ruins_open_tiny,
          column_ruins_corridor_plus, serial_shops, shop_statue, kb_rosetta
D:13:     minmay_tri_stars, grunt_vaults_entry_tiered, grunt_ministairs_2
D:14:     minmay_crystal_water
D:15:     grunt_enter_depths_hoard, lab_entry_generic
Temple:   nicolae_temple_hex_pool
Lair:1:   beast_lair_carwin_5, lemuel_fruit_fields, lemuel_fruit_tree,
          serial_bayou_shore_a, uniq_fannar
Lair:2:   grunt_forest_large_clearings
Lair:3:   spider_nest_entry_a
Lair:4:   minivault_25, minmay_lindwurm_lava, lemuel_fruit_fields,
          infiniplex_staircase_pool, grunt_megastairs_2, uniq_rupert
Lair:5:   minmay_shoals_entry_lonely_mermaid
Lair:6:   nicolae_slime_entry_slimehenge, beast_lair_carwin_8
Lair:7:   nicolae_lair_grove_arrangements
Lair:8:   evilmike_catoblepas_cave, portal_ice_cave_entry_animals_and_master
Spider:3: guppyfry_spider_mini_1, uniq_nikola
Orc:1:    basic_altar
Orc:3:    cheibrodos_orc_bank, nicolae_orc_pool_cavern, bloody_trog
Orc:4:    st_orc_ogre_mass, nicolae_orc_flooded_monolith
Lab:      nicolae_lab_dead_adventurers, nicolae_lab_lava, nicolae_lab_big_swirl,
          labyrinth_skeletal_remains, nicolae_lab_swirl
Sewer:    sewer_kobolds
IceCv:    ice_cave_small_necro

Action                   |  1- 3 |  4- 6 |  7- 9 | 10-12 | 13-15 | 16-18 || total
-------------------------+-------+-------+-------+-------+-------+-------++-------
Melee: Dagger            |   125 |   318 |   395 |   504 |  1698 |   370 ||  3410
Throw: Stone             |       |       |       |     1 |       |       ||     1
 Cast: Corona            |     4 |       |       |       |       |       ||     4
       Ensorcelled Hiber |    10 |    28 |    12 |    59 |    94 |    26 ||   229
       Sure Blade        |       |     9 |       |       |       |       ||     9
       Dazzling Spray    |       |     9 |    17 |    24 |   129 |    32 ||   211
       Confuse           |       |     2 |    35 |    14 |   119 |    33 ||   203
       Enslavement       |       |     1 |     3 |     8 |    27 |     2 ||    41
       Tukima's Dance    |       |       |     5 |       |       |       ||     5
       Magic Dart        |       |       |     3 |       |     5 |       ||     8
       Repel Missiles    |       |       |     2 |     2 |     1 |       ||     5
       Mephitic Cloud    |       |       |       |     1 |     4 |       ||     5
       Blink             |       |       |       |     6 |     4 |     3 ||    13
       Ozocubu's Armour  |       |       |       |       |    43 |    18 ||    61
       Deflect Missiles  |       |       |       |       |     4 |       ||     4
       Bolt of Draining  |       |       |       |       |     4 |     8 ||    12
Evoke: Wand              |       |       |       |     9 |     4 |     1 ||    14
  Use: Scroll            |     6 |    10 |     8 |    12 |    10 |     5 ||    51
       Potion            |       |       |     2 |     4 |    11 |     7 ||    24
 Stab: Sleeping          |    17 |    21 |    29 |    81 |   198 |    64 ||   410
       Invisible         |       |     1 |     6 |     8 |    45 |    12 ||    72
       Confused          |       |     1 |    17 |     7 |    49 |    20 ||    94
       Distracted        |       |       |     4 |     5 |    21 |     1 ||    31
       Betrayed ally     |       |       |     1 |       |     5 |       ||     6
       Paralysed         |       |       |       |       |     2 |       ||     2
       Held in net/web   |       |       |       |       |       |     1 ||     1
  Eat: Bread ration      |       |     1 |     2 |       |       |       ||     3
       Royal jelly       |       |       |     1 |     1 |     1 |       ||     3
       Pizza             |       |       |       |       |    13 |       ||    13
       Fruit             |       |       |       |       |     1 |     7 ||     8
